 Dungeon Crawl Stone Soup version 0.31.0-4-g52a2dc7128 (console) character file.

Game seed: 17723044160031715484

106 AlterAsc the Changeling (level 4, -1/28 HPs)
             Began as an Octopode Shapeshifter on Jan 21, 2024.
             Slain by a sky beast (6 damage)
             ... on level 4 of the Dungeon.
             The game lasted 00:03:35 (2189 turns).

AlterAsc the Changeling (Octopode Shapeshifter)     Turns: 2189, Time: 00:03:37

Health: -1/28      AC:  1    Str: 13    XL:     4   Next: 84%
Magic:  4/4        EV: 18    Int: 12    God:
Gold:   145        SH:  0    Dex: 13    Spells: 3/3 levels left

rFire   . .          .
                       - Unarmed
rCold   . . .        (no shield)
rNeg    . . .        (helmet currently unavailable)
rPois   .            (no amulet)
rElec   .            k - +5 ring of evasion
rCorr   .            (no ring)
SInv    .            (no ring)
Will    .....        (no ring)
Stlth   ++           (no ring)
HPRegen 0.24/turn    (no ring)
MPRegen 0.09/turn    (no ring)
                     (no ring)

%: no passive effects
@: beast-form
A: beast (slay +2), almost no armour, amphibious, 8 rings, camouflage 1,
gelatinous body 1, (nimble swimmer 1), tentacles
a: Begin Untransformation


You were on level 4 of the Dungeon.
You were a hulking beast.
You visited 1 branch of the dungeon, and saw 4 of its levels.

You collected 145 gold pieces.

Inventory:

Jewellery
 k - a +5 ring of evasion (left tentacle)
Talismans
 b - a beast talisman
 c - a flux talisman
Scrolls
 d - a scroll of noise {unknown}
 e - a scroll of enchant weapon {unknown}
 g - 2 scrolls of identify {unknown}
 j - a scroll of fog {unknown}
 l - a scroll of vulnerability {unknown}
Potions
 a - 3 potions of lignification
 f - 2 potions of brilliance {unknown}
 h - a potion of curing {unknown}
 i - a potion of heal wounds {unknown}


   Skills:
 - Level 1.0 Fighting
 - Level 2.0 Dodging
 - Level 3.0 Unarmed Combat
 + Level 5.1 Shapeshifting


You had 3 spell levels left.
You didn't know any spells.
Your spell library contained the following spells:

 Spells                   Type           Power      Damage    Failure   Level
 Sandblast                Erth           0%         2d4       32%         1
 Passwall                 Erth           0%         N/A       69%         3
 Stone Arrow              Conj/Erth      0%         3d7       69%         3
 Brom's Barrelling Bould  Conj/Erth      0%         2d3       97%         4


Dungeon Overview and Level Annotations

Branches:
Dungeon (4/15)
 Temple: D:4-7

Altars:
Dithmenos
Kikubaaqudgha
Qazlal
Ru
Yredelemnul
Zin

Shops:
D:2 *


Innate Abilities, Weirdness & Mutations

You are a hulking beast.
Your limbs bulge with bestial killing power. (Slay +2)
You cannot wear most types of armour.
You are amphibious.
You can wear up to eight rings at the same time.
Your skin changes colour to match your surroundings (Stealth+).
Your rubbery body absorbs attacks. (AC +1, EV +1)
((You are camouflaged when in or above water. (Stealth+)))
You have tentacles for arms and can constrict up to eight enemies at once.


Message History

Found 27 gold pieces.
There is a stone staircase leading up here.
The helpless endoplasm fails to defend itself.
You tentacle-slap the endoplasm but do no damage.
You squeeze the endoplasm.
The endoplasm is severely wounded.
You bludgeon the endoplasm!
You kill the endoplasm!
A sky beast comes into view.
Found a stormy altar of Qazlal.
The orc shouts!
An orc comes into view. It is wielding a +0 war axe.
There is a stone staircase leading up here.
An orc comes into view. It is wielding a +0 dagger.
The orc shouts!
The orc priest shouts!
There is a stone staircase leading up here.
You completely miss the orc.
The endoplasm quivers.
Your grab misses the orc.
The sky beast flickers out of sight!
Deactivating autopickup; reactivate with Ctrl-A.
The orc hits you with a +0 dagger.
You tentacle-slap the orc. You grab the orc.
The orc is heavily wounded.
You constrict the orc. The orc barely misses you.
You tentacle-slap the orc.
You kill the orc!
You tentacle-slap the orc. You grab the orc.
The orc is severely wounded.
You constrict the orc.
You kill the orc!
The orc priest calls down the wrath of Beogh upon you.
Beogh smites you!
Ouch! That really hurt!
The endoplasm freezes you.
You are frozen.
* * * LOW HITPOINT WARNING * * *
The orc closely misses you. Something hits you.
* * * LOW HITPOINT WARNING * * *
Something shocks you.
You die...

#............
#....... ... #
#......##..#.#
#......#$.....
#.............
#..........#
#..Joo#...#
#...h....#
###$........_.
#..##...#....
....#
#....#...
..###
#.....#.# #.
##....... #
.###### .#


You could see an orc priest, an orc and an endoplasm.

Vanquished Creatures
  A vampire bat (D:3)
  An adder (D:3)
  A ribbon worm (D:2)
  4 orcs
  2 bats
  A bat skeleton (D:3)
  4 bat zombies (D:3)
  2 endoplasms
  4 giant cockroaches
  A goblin (D:3)
  5 hobgoblins
  5 kobolds
  A quokka (D:1)
  7 ball pythons
  3 frilled lizards
  6 rats
48 creatures vanquished.

Notes
Turn   | Place    | Note
-------+----------+-------------------------------------------
     0 | D:1      | AlterAsc the Octopode Shapeshifter began the quest for the
                  | Orb.
     0 | D:1      | Reached XP level 1. HP: 13/13 MP: 1/1
   318 | D:1      | Reached XP level 2. HP: 18/18 MP: 2/2
   615 | D:2      | Found Ujaucih's Assorted Antiques.
  1244 | D:3      | Reached XP level 3. HP: 23/23 MP: 3/3
  1329 | D:3      | Reached skill level 4 in Shapeshifting
  1456 | D:3      | Found an ancient bone altar of Kikubaaqudgha.
  1470 | D:3      | Reached XP level 4. HP: 17/28 MP: 4/4
  1615 | D:3      | Found a basalt altar of Yredelemnul.
  1725 | D:3      | Found a glowing silver altar of Zin.
  1741 | D:3      | Reached skill level 5 in Shapeshifting
  1862 | D:3      | Found a shadowy altar of Dithmenos.
  1918 | D:3      | Found a sacrificial altar of Ru.
  2043 | D:3      | Found a faded altar of an unknown god.
  2179 | D:4      | Found a stormy altar of Qazlal.
  2179 | D:4      | Noticed a sky beast
  2189 | D:4      | Slain by a sky beast

Illustrated notes

Levels and vault maps discovered:
D:1:      dpeg_arrival_orchard, layout_loops_ring
D:2:      layout_loops_cross, serial_shops, shop
D:3:      layout_basic, nicolae_dithmenos_shadow_blocks,
          mainiacjoe_overflow_cross_hatched, kennysheep_vampire_church,
          yredelemnul_altar_generic, mainiacjoe_overflow_paths,
          shapermc_ecumenical_altar_mp_vishouse, minmay_misc_feat_doors,
          kennysheep_generic_room_10
D:4:      layout_basic, nicolae_qazlal_beasts_of_the_sky,
          minmay_temple_entry_fiery, serial_shops, shop, uniq_sigmund

Skill      XL: |  1  2  3  4 |
---------------+-------------+-----
Shapeshifting  | 4 5 |  5.1
Fighting       | |  1.0
Dodging        | |  2.0
Unarmed Combat | |  3.0

Action                     |  1- 3 |  4- 6 || total
---------------------------+-------+-------++-------
  Melee: Unarmed           |    63 |    32 ||    95
         Constrict         |    18 |     5 ||    23
         Tentacles         |    13 |     3 ||    16
         Punch             |     1 |       ||     1
   Stab: Sleeping          |     5 |     2 ||     7
 Armour: Skin              |    29 |     7 ||    36
  Dodge: Dodged            |    50 |    15 ||    65
